NCAA
UCLA BRUINS @ NEVADA LAS VEGAS REBELS
02/10/2060
 
TOP OF THE 1ST
UCLA Bruins batting - Pitching for Nevada Las Vegas Rebels : LHP James Mix
Pitching: LHP James Mix
Batting: LHB Darren Thomas 0-0: Called Strike
0-1: Ball
1-1: Ball
2-1: Foul Ball, location: 2F
2-2: SINGLE (Groundball, 4MD, EV 97.5 MPH)
Batting: RHB Irv Anderson 0-0: Ball
Darren Thomas steals 2nd base
1-0: Foul Ball, location: 2F
1-1: Ball
2-1: SINGLE (Groundball, 4MD, EV 98.1 MPH)
Darren Thomas to third
Batting: RHB Sherron Mendez 0-0: Called Strike
0-1: Ball
1-1: Foul Ball, location: 2F
1-2: Fly out, F9 (Flyball, 89M, EV 88.8 MPH)
Batting: RHB R.J. Trammell 0-0: Ball
1-0: SINGLE (Groundball, 34D, EV 95.0 MPH)
Darren Thomas scores
Irv Anderson to second
Runner from 2nd tries for 3rd, SAFE, throw by RF made to third
Batting: RHB Cody Schenck 0-0: Ball
1-0: Ball
2-0: Ball
3-0: Base on Balls
R.J. Trammell to second
Batting: RHB Rhys Schneider 0-0: Ball
1-0: Ball
2-0: Foul Ball, location: 2F
2-1: SINGLE (Groundball, 4MD, EV 98.8 MPH)
Irv Anderson scores
R.J. Trammell to third
Cody Schenck to second
Batting: SHB Danny Roth 0-0: Called Strike
0-1: Ball
1-1: Ball
2-1: Fielders Choice at 2nd, 3-6 (Groundball, 13, EV 90.0 MPH)
R.J. Trammell scores
Cody Schenck to third
Batting: RHB Ben Creel 0-0: Called Strike
0-1: Called Strike
0-2: Foul Ball, location: 2F
0-2: Ball
1-2: Strikes out swinging
Top of the 1st over - 3 runs, 4 hits, 0 errors, 2 left on base; UCLA 3 - Nevada Las Vegas 0
BOTTOM OF THE 1ST
Nevada Las Vegas Rebels batting - Pitching for UCLA Bruins : RHP Garvey Martinez
Pitching: RHP Garvey Martinez
Batting: RHB Luke Fridell 0-0: Fly out, F9 (Flyball, 89M, EV 81.9 MPH)
Batting: RHB Wes Keel 0-0: Called Strike
0-1: Ground out U3 (Groundball, 3S, EV 80.6 MPH)
Batting: LHB Evan Olsen 0-0: Swinging Strike
0-1: Ball
1-1: Ball
2-1: SINGLE (Line Drive, 56D, EV 97.5 MPH)
Batting: LHB Earl Salazar 0-0: Called Strike
0-1: Ball
1-1: Ball
2-1: Foul Ball, location: 2F
2-2: Foul Ball, location: 2F
2-2: Fly out, F9 (Line Drive, 9, EV 105.6 MPH)
Bottom of the 1st over - 0 runs, 1 hit, 0 errors, 1 left on base; UCLA 3 - Nevada Las Vegas 0
TOP OF THE 2ND
UCLA Bruins batting - Pitching for Nevada Las Vegas Rebels : LHP James Mix
Batting: RHB Jadon Nilsen 0-0: Ball
1-0: Foul Ball, location: 2F
1-1: Ball
2-1: Called Strike
2-2: Strikes out swinging
Batting: LHB Darren Thomas 0-0: Called Strike
0-1: Ball
1-1: Called Strike
1-2: Fly out, F5 (Popup, 25F, EV 85.0 MPH)
Batting: RHB Irv Anderson 0-0: Foul Ball, location: 2F
0-1: Swinging Strike
0-2: Foul Ball, location: 2F
0-2: Ball
1-2: Ball
2-2: Foul Ball, location: 2F
2-2: Ball
3-2: Fly out, F9 (Flyball, 9D, EV 89.4 MPH)
Top of the 2nd over - 0 runs, 0 hits, 0 errors, 0 left on base; UCLA 3 - Nevada Las Vegas 0
BOTTOM OF THE 2ND
Nevada Las Vegas Rebels batting - Pitching for UCLA Bruins : RHP Garvey Martinez
Batting: LHB Joey Mastrostefano 0-0: Ball
1-0: Ball
2-0: Ball
3-0: Called Strike
3-1: Foul Ball, location: 2F
3-2: SOLO HOME RUN (Flyball, 89XD, EV 103.1 MPH), Distance : 441 ft
Batting: RHB Sean Leonard 0-0: Foul Ball, location: 2F
0-1: Ball
1-1: Called Strike
1-2: Ball
2-2: Strikes out looking
Batting: RHB R.J. Anteau 0-0: Swinging Strike
0-1: Called Strike
0-2: Ball
1-2: Ball
2-2: Reached on error, E2 (Groundball, 2R, EV 68.1 MPH)
Batting: RHB Cash Quinlan 0-0: Called Strike
0-1: Called Strike
0-2: Strikes out looking
Batting: LHB Kane Drennen 0-0: Ball
1-0: Ball
2-0: Ball
3-0: Called Strike
3-1: Called Strike
3-2: Ground out U3 (Groundball, 3L, EV 81.2 MPH)
Bottom of the 2nd over - 1 run, 1 hit, 1 error, 1 left on base; UCLA 3 - Nevada Las Vegas 1
TOP OF THE 3RD
UCLA Bruins batting - Pitching for Nevada Las Vegas Rebels : LHP James Mix
Batting: RHB Sherron Mendez 0-0: Swinging Strike
0-1: Ball
1-1: Ball
2-1: Foul Ball, location: 2F
2-2: Fly out, F7 (Flyball, 7, EV 88.1 MPH)
Batting: RHB R.J. Trammell 0-0: Ball
1-0: Ground out U3 (Groundball, 34S, EV 93.1 MPH)
Batting: RHB Cody Schenck 0-0: Ball
1-0: Foul Ball, location: 2F
1-1: SOLO HOME RUN (Flyball, 7D, EV 98.1 MPH), Distance : 396 ft
Batting: RHB Rhys Schneider 0-0: SINGLE (Line Drive, 56D, EV 104.4 MPH)
Batting: SHB Danny Roth 0-0: Ball
1-0: SINGLE (Groundball, 6D, EV 100.6 MPH)
Rhys Schneider to second
Batting: RHB Ben Creel 0-0: Ball
Danny Roth steals 2nd base
Rhys Schneider steals 3rd base
1-0: Called Strike
1-1: Called Strike
1-2: Ground out 6-3 (Groundball, 6, EV 107.5 MPH)
Top of the 3rd over - 1 run, 3 hits, 0 errors, 2 left on base; UCLA 4 - Nevada Las Vegas 1
BOTTOM OF THE 3RD
Nevada Las Vegas Rebels batting - Pitching for UCLA Bruins : RHP Garvey Martinez
Batting: RHB Luke Fridell 0-0: Ball
1-0: Swinging Strike
1-1: Ball
2-1: SINGLE (Flyball, 9LS, EV 88.8 MPH)
Batting: RHB Wes Keel 0-0: Ball
1-0: Called Strike
1-1: Ball
2-1: Foul Ball, location: 2F
2-2: Foul Ball, location: 2F
2-2: Foul Ball, location: 2F
2-2: Fly out, F8 (Flyball, 8RD, EV 93.8 MPH)
Batting: LHB Evan Olsen 0-0: Ball
1-0: Ball
2-0: Ball
3-0: Called Strike
3-1: Base on Balls
Luke Fridell to second
Batting: LHB Earl Salazar 0-0: Ball
1-0: Foul Ball, location: 2F
1-1: Ball
2-1: Reached on error, E6 (Groundball, 6D, EV 105.6 MPH)
Luke Fridell to third
Evan Olsen to second
Batting: LHB Joey Mastrostefano 0-0: Ball
1-0: SINGLE (Groundball, 34D, EV 109.4 MPH)
Luke Fridell scores
Evan Olsen to third
Earl Salazar to second
Batting: RHB Sean Leonard 0-0: Ball
1-0: Foul Ball, location: 2F
1-1: Ball
2-1: Foul Ball, location: 2F
2-2: Ball
3-2: GRAND SLAM HOME RUN (Line Drive, 7D, EV 102.5 MPH), Distance : 415 ft
Pitching: RHP Clayton Lewis
Batting: RHB R.J. Anteau 0-0: Called Strike
0-1: Called Strike
0-2: Fly out, F8 (Flyball, 89XD, EV 96.9 MPH)
Batting: RHB Cash Quinlan 0-0: Ball
1-0: Foul Ball, location: 2F
1-1: Ball
2-1: Ball
3-1: Base on Balls
Batting: LHB Kane Drennen 0-0: Ball
1-0: Ball
2-0: SINGLE (Groundball, 34D, EV 107.5 MPH)
Cash Quinlan to second
Runner from 2nd tries for 3rd, SAFE, throw by RF made to third
Batting: RHB Luke Fridell 0-0: Ball
1-0: Ball
2-0: Ball
3-0: Base on Balls
Kane Drennen to second
Batting: RHB Wes Keel 0-0: Ball
1-0: Foul Ball, location: 2F
1-1: Swinging Strike
1-2: Fly out, F7 (Flyball, 7LS, EV 87.5 MPH)
Bottom of the 3rd over - 5 runs, 4 hits, 1 error, 3 left on base; UCLA 4 - Nevada Las Vegas 6
TOP OF THE 4TH
UCLA Bruins batting - Pitching for Nevada Las Vegas Rebels : LHP James Mix
Batting: RHB Jadon Nilsen 0-0: Called Strike
0-1: Fly out, F9 (Flyball, 9, EV 83.8 MPH)
Batting: LHB Darren Thomas 0-0: Ball
1-0: Ball
2-0: Called Strike
2-1: Ball
3-1: Foul Ball, location: 2F
3-2: Base on Balls
Batting: RHB Irv Anderson 0-0: Ball
1-0: Called Strike
1-1: DOUBLE (Line Drive, 8RXD, EV 105.0 MPH)
Darren Thomas to third
Runner from 3rd tries for Home, SAFE, throw by CF to trailing runner, SAFE at third!
Pitching: LHP Stephen Rasmussen
Batting: RHB Sherron Mendez 0-0: Foul Ball, location: 2F
0-1: Ball
1-1: Ball
2-1: Ball
3-1: Base on Balls
Batting: RHB R.J. Trammell 0-0: Foul Ball, location: 2F
0-1: SINGLE (Groundball, 6D, EV 106.2 MPH)
Irv Anderson scores
Sherron Mendez to second
Batting: RHB Cody Schenck 0-0: Foul Ball, location: 2F
0-1: Ball
1-1: Foul Ball, location: 2F
1-2: Ball
2-2: Ball
3-2: Foul Ball, location: 2F
3-2: Base on Balls
Sherron Mendez to third
R.J. Trammell to second
Batting: RHB Rhys Schneider 0-0: Ball
1-0: Ball
2-0: Ball
3-0: Called Strike
3-1: Foul Ball, location: 2F
3-2: Strikes out swinging
Batting: SHB Danny Roth 0-0: Called Strike
0-1: Swinging Strike
0-2: Strikes out swinging
Top of the 4th over - 2 runs, 2 hits, 0 errors, 3 left on base; UCLA 6 - Nevada Las Vegas 6
BOTTOM OF THE 4TH
Nevada Las Vegas Rebels batting - Pitching for UCLA Bruins : RHP Clayton Lewis
Batting: LHB Evan Olsen 0-0: Foul Ball, location: 2F
0-1: Ball
1-1: DOUBLE (Line Drive, 7LM, EV 105.6 MPH)
Batting: LHB Earl Salazar 0-0: Ball
1-0: Ball
2-0: Ball
3-0: Called Strike
3-1: Foul Ball, location: 2F
3-2: Foul Ball, location: 2F
3-2: Base on Balls
Batting: LHB Joey Mastrostefano 0-0: Ball
1-0: Called Strike
1-1: Foul Ball, location: 2F
1-2: Foul Ball, location: 2F
1-2: Foul Ball, location: 2F
1-2: Foul Ball, location: 2F
1-2: Strikes out looking
Batting: RHB Sean Leonard 0-0: Ball
1-0: Ball
2-0: Ball
3-0: Base on Balls
Evan Olsen to third
Earl Salazar to second
Batting: RHB R.J. Anteau 0-0: Swinging Strike
0-1: Foul Ball, location: 2F
0-2: Foul Ball, location: 2F
0-2: Strikes out swinging
Batting: RHB Cash Quinlan 0-0: Called Strike
0-1: Fly out, F4 (Popup, 4S, EV 85.0 MPH)
Bottom of the 4th over - 0 runs, 1 hit, 0 errors, 3 left on base; UCLA 6 - Nevada Las Vegas 6
TOP OF THE 5TH
UCLA Bruins batting - Pitching for Nevada Las Vegas Rebels : LHP Stephen Rasmussen
Batting: RHB Ben Creel 0-0: Ball
1-0: Called Strike
1-1: Foul Ball, location: 2F
1-2: Ball
2-2: Ground out 5-3 (Groundball, 5S, EV 68.8 MPH)
Batting: RHB Jadon Nilsen 0-0: Foul Ball, location: 2F
0-1: Swinging Strike
0-2: Single, Error in OF, E8, batter to second base (Line Drive, 4M, EV 99.4 MPH)
Batting: LHB Darren Thomas 0-0: Called Strike
0-1: Swinging Strike
0-2: Ball
1-2: Fly out, F8 (Flyball, 89D, EV 103.1 MPH)
Runner from 2nd tags up, SAFE at 3rd, no throw by CF
Batting: RHB Irv Anderson 0-0: Called Strike
0-1: Ball
1-1: Ball
2-1: Called Strike
2-2: Strikes out swinging
Top of the 5th over - 0 runs, 1 hit, 1 error, 1 left on base; UCLA 6 - Nevada Las Vegas 6
BOTTOM OF THE 5TH
Nevada Las Vegas Rebels batting - Pitching for UCLA Bruins : RHP Clayton Lewis
Batting: LHB Kane Drennen 0-0: Ball
1-0: Ball
2-0: Foul Ball, location: 2F
2-1: Foul Ball, location: 2F
2-2: Ball
3-2: Ground out 6-3 (Groundball, 6, EV 83.1 MPH)
Batting: RHB Luke Fridell 0-0: Ball
1-0: Foul Ball, location: 2F
1-1: Hit by Pitch
Batting: RHB Wes Keel 0-0: Ball
Luke Fridell steals 2nd, throwing error, E2
Luke Fridell to third
1-0: Ground out 6-3 (Groundball, 6MD, EV 106.2 MPH)
Luke Fridell scores
Batting: LHB Evan Olsen 0-0: Ball
1-0: Swinging Strike
1-1: Ball
2-1: Ball
3-1: Called Strike
3-2: Base on Balls
Batting: LHB Earl Salazar 0-0: Ball
Evan Olsen steals 2nd base (no throw)
1-0: Swinging Strike
1-1: Ball
2-1: Ball
3-1: Base on Balls
Pitching: RHP James Peterson
Batting: LHB Joey Mastrostefano 0-0: DOUBLE (Line Drive, 7LD, EV 104.4 MPH)
Evan Olsen scores
Earl Salazar to third
Batting: RHB Sean Leonard 0-0: Ball
1-0: Called Strike
1-1: Swinging Strike
1-2: SINGLE (Line Drive, 3D, EV 98.8 MPH)
Earl Salazar scores
Joey Mastrostefano to third
Batting: RHB R.J. Anteau 0-0: Ball
1-0: Ball
2-0: Fielders Choice at 2nd, 5-4 (Groundball, 56, EV 105.6 MPH)
Bottom of the 5th over - 3 runs, 2 hits, 1 error, 2 left on base; UCLA 6 - Nevada Las Vegas 9
TOP OF THE 6TH
UCLA Bruins batting - Pitching for Nevada Las Vegas Rebels : LHP Stephen Rasmussen
Batting: RHB Sherron Mendez 0-0: Ball
1-0: Ground out 6-3 (Groundball, 6, EV 99.4 MPH)
Batting: RHB R.J. Trammell 0-0: Swinging Strike
0-1: Foul Ball, location: 2F
0-2: Ball
1-2: Ball
2-2: SINGLE (Groundball, 34, EV 96.9 MPH)
Pitching: RHP Riley Cripe
Batting: RHB Cody Schenck 0-0: Called Strike
0-1: Ball
1-1: Ball
2-1: Foul Ball, location: 2F
2-2: Ball
3-2: Fly out, F8 (Flyball, 8RM, EV 88.8 MPH)
Batting: RHB Rhys Schneider 0-0: Called Strike
0-1: Ball
1-1: Ball
2-1: Foul Ball, location: 2F
2-2: Strikes out swinging
Top of the 6th over - 0 runs, 1 hit, 0 errors, 1 left on base; UCLA 6 - Nevada Las Vegas 9
BOTTOM OF THE 6TH
Nevada Las Vegas Rebels batting - Pitching for UCLA Bruins : RHP James Peterson
Batting: RHB Cash Quinlan 0-0: Called Strike
0-1: Ball
1-1: Ball
2-1: Ball
3-1: Base on Balls
Batting: LHB Kane Drennen 0-0: Sac Bunt to 13 - play at first, batter OUT! 1-3
Cash Quinlan to second
Batting: RHB Luke Fridell 0-0: Ball
1-0: Foul Ball, location: 2F
1-1: Foul Ball, location: 2F
1-2: Strikes out looking
Batting: RHB Wes Keel 0-0: Ball
1-0: SINGLE (Groundball, 3D, EV 98.1 MPH)
Cash Quinlan to third
Batting: LHB Evan Olsen 0-0: Called Strike
0-1: Ball
1-1: Ball
2-1: Ground out 4-3 (Groundball, 4, EV 87.5 MPH)
Bottom of the 6th over - 0 runs, 1 hit, 0 errors, 2 left on base; UCLA 6 - Nevada Las Vegas 9
TOP OF THE 7TH
UCLA Bruins batting - Pitching for Nevada Las Vegas Rebels : RHP Riley Cripe
Batting: SHB Danny Roth 0-0: Ball
1-0: Ball
2-0: SINGLE (Line Drive, 9LS, EV 103.8 MPH)
Batting: RHB Ben Creel 0-0: Ball
1-0: Called Strike
1-1: Bunt missed!
1-2: Ball
2-2: Fly out, F8 (Flyball, 8LXD, EV 100.0 MPH)
Pinch Hitting: LHB Wayne Bair 0-0: Ball
1-0: Ball
Wild Pitch!
Danny Roth to second
2-0: Called Strike
2-1: Ball
3-1: Swinging Strike
3-2: Fly out, F5 (Line Drive, 56, EV 66.9 MPH)
Batting: LHB Darren Thomas 0-0: Ball
1-0: Ball
2-0: Ball
3-0: Called Strike
3-1: Fly out, F8 (Flyball, 8RS, EV 75.0 MPH)
Top of the 7th over - 0 runs, 1 hit, 0 errors, 1 left on base; UCLA 6 - Nevada Las Vegas 9
BOTTOM OF THE 7TH
Nevada Las Vegas Rebels batting - Pitching for UCLA Bruins : RHP James Peterson
Now at 2B: Quin Place
Batting: LHB Earl Salazar 0-0: SINGLE (Line Drive, 8RS, EV 104.4 MPH)
Batting: LHB Joey Mastrostefano 0-0: Called Strike
0-1: Foul Ball, location: 2F
0-2: Ball
1-2: Ball
2-2: Ball
3-2: DOUBLE (Flyball, 7LD, EV 95.0 MPH)
Earl Salazar to third
Batting: RHB Sean Leonard 0-0: Ball
1-0: Ball
2-0: Foul Ball, location: 2F
2-1: Fly out, F8 (Line Drive, 8RM, EV 100.0 MPH)
Runner from 3rd tags up, SCORES, throw by CF
Batting: RHB R.J. Anteau 0-0: Called Strike
0-1: Ground out 3-1 (Groundball, 34, EV 106.2 MPH)
Joey Mastrostefano to third
Batting: RHB Cash Quinlan 0-0: Ball
1-0: Called Strike
1-1: Ball
2-1: Called Strike
2-2: Strikes out swinging
Bottom of the 7th over - 1 run, 2 hits, 0 errors, 1 left on base; UCLA 6 - Nevada Las Vegas 10
TOP OF THE 8TH
UCLA Bruins batting - Pitching for Nevada Las Vegas Rebels : RHP Riley Cripe
Batting: RHB Irv Anderson 0-0: Ball
1-0: Foul Ball, location: 2F
1-1: Fly out, F9 (Line Drive, 89M, EV 96.2 MPH)
Pinch Hitting: LHB Richard Matchen 0-0: Foul Ball, location: 2F
0-1: Called Strike
0-2: Strikes out swinging
Batting: RHB R.J. Trammell 0-0: Ball
1-0: Ball
2-0: Ball
3-0: Foul Ball, location: 2F
3-1: Called Strike
3-2: Strikes out swinging
Top of the 8th over - 0 runs, 0 hits, 0 errors, 0 left on base; UCLA 6 - Nevada Las Vegas 10
BOTTOM OF THE 8TH
Nevada Las Vegas Rebels batting - Pitching for UCLA Bruins : RHP James Peterson
Now in RF: Richard Matchen
Batting: LHB Kane Drennen 0-0: SINGLE (Line Drive, 78S, EV 106.2 MPH)
Pitching: LHP Owen Osborne
Batting: RHB Luke Fridell 0-0: Sac Bunt to 15 - play at first, batter OUT! 1-3
Kane Drennen to second
Batting: RHB Wes Keel 0-0: Called Strike
0-1: Foul Ball, location: 2F
0-2: Ball
1-2: Strikes out looking
Batting: LHB Evan Olsen 0-0: Ball
1-0: Ball
2-0: Foul Ball, location: 2F
2-1: Ball
3-1: Foul Ball, location: 2F
3-2: Base on Balls
Batting: LHB Earl Salazar 0-0: Ball
1-0: Ball
2-0: Called Strike
2-1: Swinging Strike
2-2: Strikes out swinging
Bottom of the 8th over - 0 runs, 1 hit, 0 errors, 2 left on base; UCLA 6 - Nevada Las Vegas 10
TOP OF THE 9TH
UCLA Bruins batting - Pitching for Nevada Las Vegas Rebels : RHP Riley Cripe
Batting: RHB Cody Schenck 0-0: Ball
1-0: SINGLE (Line Drive, 78S, EV 88.8 MPH)
Batting: RHB Rhys Schneider 0-0: Called Strike
0-1: Ball
1-1: Foul Ball, location: 2F
1-2: SINGLE (Groundball, 13, EV 85.0 MPH) (infield hit)
Cody Schenck to second
Pitching: RHP Jamie Schoettmer
Batting: SHB Danny Roth 0-0: Ball
1-0: Fly out, F9 (Flyball, 89S, EV 92.5 MPH)
Batting: RHB Ben Creel 0-0: Ball
1-0: Called Strike
1-1: Called Strike
1-2: Strikes out swinging
Batting: RHB Quin Place 0-0: Ball
1-0: Ball
2-0: Ball
3-0: Called Strike
3-1: Fielders Choice at 2nd, 6-4 (Groundball, 6, EV 78.1 MPH)
Top of the 9th over - 0 runs, 2 hits, 0 errors, 2 left on base; UCLA 6 - Nevada Las Vegas 10
Sunday, April 14th , 2024 - OOTP Baseball 23.10 Build 110